 Dungeon Crawl Stone Soup version 0.17-a0-1804-gf6433eb (webtiles) character file.

126 enrike the Shooter (level 4, 0/30 HPs)
             Began as a High Elf Hunter on Sept 11, 2015.
             Succumbed to a worker ant's poison
             ... on level 4 of the Dungeon.
             The game lasted 00:29:30 (2658 turns).

enrike the Shooter (High Elf Hunter)                Turns: 2658, Time: 00:29:30

Health: 0/30       AC:  8    Str: 11    XL:     4   Next: 84%
Magic:  5/5        EV:  5    Int: 15    God:
Gold:   112        SH:  0    Dex: 16    Spells: 0 memorised, 3 levels left

rFire  . . .     SeeInvis .     a - +1 shortbow
rCold  . . .     Clarity  .     A - +0 chain mail
rNeg   . . .     SustAt   .     (no shield)
rPois  .         Gourm    .     (no helmet)
rElec  .         Spirit   .     (no cloak)
rCorr  .         Warding  .     (no gloves)
rMut   .         Stasis   .     (no boots)
MR     .....                    (no amulet)
Stlth  ..........               (no ring)
                                (no ring)

@: lethally poisoned (0 -> -13), flying, not resistant to hostile enchantments,
extremely unstealthy
A: no striking features
a: no special abilities


You were on level 4 of the Dungeon.
You were not hungry.

You visited 1 branch of the dungeon, and saw 4 of its levels.

You collected 112 gold pieces.

Inventory:

Hand weapons
 a - a +1 shortbow (weapon)
 c - a +0 short sword
 f - a +0 club
 i - a +0 dagger
 o - a +0 hand axe
 x - a +0 hunting sling
 y - a +1 dagger of venom
Missiles
 b - 57 arrows (quivered)
 l - 8 tomahawks
 n - 6 javelins
 z - 17 bolts
Armour
 d - a +0 leather armour
 k - a +0 pair of boots
 t - a cursed +0 robe
 A - a +0 chain mail (worn)
 B - a +0 ring mail
Magical devices
 e - a wand of draining (15)
Scrolls
 j - a scroll of recharging
 r - a scroll of random uselessness {unknown}
 v - a scroll of fear {unknown}
 C - a scroll of remove curse {unknown}
Potions
 g - a potion of ambrosia
 h - 4 potions of curing
 m - 2 potions of agility {unknown}
 q - a potion of magic {unknown}
 u - a potion of poison {unknown}
 w - a potion of heal wounds


   Skills:
 + Level 2.3 Fighting
 + Level 7.4 Bows
 + Level 1.3 Armour
 + Level 2.5 Dodging
 + Level 1.2 Stealth


You had 3 spell levels left.
You didn't know any spells.

Dungeon Overview and Level Annotations

Branches:
Dungeon (4/15)
 Temple: D:4-7

Altars:
Nemelex Xobeh


Message History

You hear the slow rusting of a very distant drain.
* * * LOW HITPOINT WARNING * * *
You feel sick. The worker ant bites you.
* * * LOW HITPOINT WARNING * * *
You are more poisoned.
The worker ant poisons you!
You are too injured to fight recklessly!
You are too injured to fight recklessly!
You are too injured to fight recklessly!
It was a potion of flight.
You feel very buoyant.
You fly up into the air.
* * * LOW HITPOINT WARNING * * *
You feel sick.
The worker ant bites you but does no damage.
As you read the scroll labeled YSURIPOBEIMM, it crumbles to dust.
It is a scroll of identify.
Identify which item? (\ to view known items) (? for menu, Esc to quit)
h - 4 potions of curing You die...

#...(...# #.!...#
# #(..# #. #'#
.### #.# ..#
#.####### # #.#
##(.......
#.#.#####...######
#..@a..#.....#
###.##.##...##
#.##.###..###.#
..##..........#
##########.#####
.# .. ###


You could see a worker ant.

Vanquished Creatures
  5 adders (D:2)
  An ooze (D:1)
  A giant gecko (D:1)
  7 giant cockroaches
  9 hobgoblins
  5 ball pythons
  13 bats
  9 goblins
  8 jackals
  7 kobolds
  4 rats
69 creatures vanquished.

Notes
Turn   | Place    | Note
--------------------------------------------------------------
     0 | D:1      | enrike the High Elf Hunter began the quest for the Orb.
     0 | D:1      | Reached XP level 1. HP: 14/14 MP: 2/2
    25 | D:1      | Reached XP level 2. HP: 14/19 MP: 3/3
   183 | D:1      | Reached skill level 6 in Bows
   643 | D:1      | Found a sparkling altar of Nemelex Xobeh.
   909 | D:1      | Reached XP level 3. HP: 22/24 MP: 4/4
  1334 | D:2      | Reached XP level 4. HP: 26/29 MP: 5/5
  1422 | D:2      | Reached skill level 7 in Bows
  1422 | D:2      | Reached skill level 1 in Armour
  2604 | D:3      | You fall through a shaft!
  2657 | D:4      | HP: 1/30 [poisoned by a worker ant]
  2658 | D:4      | Succumbed to a worker ant's poison

Vault maps used:
D:1:      minmay_arrival_five_plusses, serial_corexii_hall,
          corexii_hall_statues_deadend, corexii_hall_statues_x,
          corexii_hall_statues_i, corexii_hall_statues_i,
          nemelex_diamond_rough_becter
D:2:      minmay_misc_feat_square, minmay_shallow_snake_nest
D:4:      lemuel_zombie_altar_kikubaaqudgha, portal_sewer_entry_d,
          uniq_blork_the_orc

Action                   |  1- 3 |  4- 6 || total
-------------------------+-------+-------++-------
Melee: Shortbow          |     1 |     5 ||     6
 Fire: Shortbow          |   101 |   115 ||   216
  Use: Potion            |       |     4 ||     4
       Scroll            |       |     2 ||     2
 Stab: Distracted        |       |     1 ||     1
  Eat: Bread ration      |       |     1 ||     1
       Chunk             |       |     1 ||     1
